 Dungeon Crawl Stone Soup version 0.19-a0-1786-g230130f (webtiles) character file.

1131 kae the Slasher (level 8, -2/63 HPs)
             Began as a Formicid Fighter on Oct 3, 2016.
             Was a Believer of Okawaru.
             Slain by a wight
             ... wielding a cursed +0 trident
              (4 damage)
             ... on level 5 of the Dungeon.
             The game lasted 00:05:49 (4556 turns).

kae the Slasher (Formicid Fighter)                  Turns: 4556, Time: 00:05:50

Health: -2/63      AC:  5    Str: 27    XL:     8   Next: 62%
Magic:  8/8        EV: 10    Int:  9    God:    Okawaru [**....]
Gold:   128        SH: 11    Dex: 10    Spells: 0 memorised, 7 levels left

rFire  . . .     SeeInvis +     a - +0 long sword
rCold  . . .     Gourm    .     t - +0 ring mail
rNeg   . . .     Faith    .     c - +0 shield
rPois  .         Spirit   .     (helmet unavailable)
rElec  .         Dismiss  .     (no cloak)
rCorr  .         Reflect  .     (no gloves)
MR     .....     Harm     .     (no boots)
Stlth  +.........               (no amulet)
                                (no ring)
                                (no ring)

@: mighty, drained
A: permanent stasis, dig shafts and tunnels, four strong arms, antennae 3
a: Dig, Shaft Self, Heroism, Renounce Religion


You were on level 5 of the Dungeon.
You worshipped Okawaru.
Okawaru was pleased with you.
You were hungry.

You visited 2 branches of the dungeon, and saw 6 of its levels.

You collected 176 gold pieces.
You spent 48 gold pieces at shops.

Inventory:

Hand Weapons
 a - a +0 long sword (weapon)
Armour
 b - a +0 scale mail
 c - a +0 shield (worn)
 t - a +0 ring mail (worn)
Wands
 e - a wand of flame (48/48)
Scrolls
 h - 5 scrolls of identify
 i - 3 scrolls of remove curse
 k - a scroll of immolation
 m - a scroll of recharging
 q - a scroll of random uselessness
 u - 2 scrolls of magic mapping
Potions
 n - a potion of degeneration
 o - a potion of cure mutation
 p - a potion of curing
Comestibles
 d - 3 beef jerkies
 f - 6 bread rations
 j - 4 fruits
 l - 2 meat rations


   Skills:
 + Level 5.4(5.2) Fighting
 * Level 7.6(7.4) Long Blades
 - Level 3.2(3.0) Armour
 - Level 1.0(0.8) Dodging
 - Level 1.1(0.9) Stealth
 + Level 6.3(6.1) Shields


You had 7 spell levels left.
You didn't know any spells.

Dungeon Overview and Level Annotations

Branches:
Dungeon (5/15)             Temple (1/1) D:4

Altars:
Ashenzari
Cheibriados
Elyvilon
Fedhas
Gozag
Kikubaaqudgha
Makhleb
Nemelex Xobeh
Okawaru
Qazlal
Ru
Sif Muna
Trog
Uskayaw
Vehumet
Xom
Yredelemnul

Shops:
D:4 !


Innate Abilities, Weirdness & Mutations

You are under a permanent stasis effect.
You can dig through walls and to a lower floor.
Your four strong arms can wield two-handed weapons with a shield.
You have a pair of large antennae on your head. (SInv)


Message History

The wight barely misses you.
You riposte.
You closely miss the wight.
The wight is moderately damaged.
You slash the wight!
You destroy the wight!
Okawaru accepts your kill.
You swing at nothing.
You extend your mandibles.
You dig through the rock wall. 2 wights come into view.
The wight closely misses you.
You dig through the rock wall.
You dig through the rock wall.
You dig through the rock wall.
You are feeling hungry.
The wight hits you from afar with a trident.
* * * LOW HITPOINT WARNING * * *
You retract your mandibles.
A wight comes into view. It is wielding a long sword.
The wight hits you from afar with a trident.
You die...

##...#***,,,,,,,,,****
*****#.....,,+,,,,,,,,,+,,,
*,,,,,....#***,,,,,,,,,****
*,*****#..## **,,,,,,,** *
*,* ##...####*,,,,,** *,*
###[....#)##*,,,** *,*
#.......z#.#**+** *,*
#.#.....#.## *,*
*,###.##..@z#.# *,*
*.#.......##.## **,******
*..z.....[#### **,,,,,,,*
*##.#.###.# ***,,,,,**,*
#.#.# #.# *,,,,,,,,,,***
#.#.###.####..,*,,**,,,,,
#.#.<..........**,,,,,***
#.......#######********
#########


You could see 3 wights.

Vanquished Creatures
  The ghost of Ruebezahl the Destroyer, a novice DECj (D:5)
  Grinder (D:4)
  Edmund (D:4)
  The ghost of barakagiga the Digger, an amateur OpEE (D:3)
  A big kobold (D:4)
  A wight (D:5)
  2 crimson imps
  An orc priest (D:5)
  A hound (D:4)
  An iguana (D:4)
  Natasha (twice) (D:4)
  An orc wizard (D:5)
  Ijyb (D:3)
  Robin (D:4)
  3 adders
  An ooze (D:2)
  3 worms
  4 dart slugs
  A leopard gecko (D:3)
  3 orcs (D:5)
  A ball python (D:2)
  7 bats
  5 giant cockroaches
  20 goblins
  13 hobgoblins
  31 kobolds
  2 quokkas
  A frilled lizard (D:3)
  4 rats
115 creatures vanquished.

Vanquished Creatures (others)
  17 plants (D:4)
17 creatures vanquished.

Grand Total: 132 creatures vanquished

Notes
Turn   | Place    | Note
-------+----------+-------------------------------------------
     0 | D:1      | kae the Formicid Fighter began the quest for the Orb.
     0 | D:1      | Reached XP level 1. HP: 18/18 MP: 1/1
    83 | D:1      | Reached XP level 2. HP: 19/24 MP: 2/2
   956 | D:2      | Reached XP level 3. HP: 19/29 MP: 3/3
  1213 | D:2      | Reached skill level 3 in Long Blades
  1213 | D:2      | Reached XP level 4. HP: 21/36 MP: 4/4
  1657 | D:3      | Found a sparkling altar of Nemelex Xobeh.
  1676 | D:3      | Noticed barakagiga's ghost (amateur OpEE)
  1685 | D:3      | Killed barakagiga's ghost
  1685 | D:3      | Reached skill level 4 in Long Blades
  1685 | D:3      | Reached XP level 5. HP: 39/42 MP: 5/5
  1738 | D:3      | Noticed Ijyb
  1762 | D:3      | Killed Ijyb
  2156 | D:3      | Reached XP level 6. HP: 46/48 MP: 6/6
  2777 | D:4      | Found a staircase to the Ecumenical Temple.
  2801 | Temple   | Entered the Ecumenical Temple
  2887 | Temple   | Became a worshipper of Warmaster Okawaru
  3098 | D:4      | Noticed Grinder
  3111 | D:4      | Reached skill level 5 in Long Blades
  3217 | D:4      | Killed Grinder
  3217 | D:4      | Reached * piety under Okawaru
  3217 | D:4      | Reached skill level 6 in Long Blades
  3217 | D:4      | Reached skill level 1 in Dodging
  3217 | D:4      | Reached skill level 1 in Stealth
  3217 | D:4      | Reached skill level 5 in Shields
  3217 | D:4      | Reached XP level 7. HP: 20/54 MP: 7/7
  3319 | D:4      | Noticed Natasha
  3344 | D:4      | Killed Natasha
  3482 | D:4      | Found Relophi's Distillery.
  3493 | D:4      | Bought a potion of might for 48 gold pieces
  3537 | D:4      | Noticed Robin
  3542 | D:4      | Noticed Edmund
  3560 | D:4      | Killed Robin
  3740 | D:4      | Killed Edmund
  4080 | D:4      | Noticed Natasha
  4085 | D:4      | Killed Natasha
  4118 | D:4      | Reached XP level 8. HP: 34/61 MP: 8/8
  4368 | D:4      | Reached ** piety under Okawaru
  4468 | D:5      | Entered Level 5 of the Dungeon
  4494 | D:5      | Noticed Ruebezahl's ghost (novice DECj)
  4504 | D:5      | Reached skill level 7 in Long Blades
  4524 | D:5      | Reached skill level 5 in Fighting
  4543 | D:5      | Killed Ruebezahl's ghost
  4555 | D:5      | HP: 1/63 [wight/trident (4)]
  4556 | D:5      | Slain by a wight

Vault maps used:
D:1:      dpeg_arrival_shelter, nrook_uturn, item_on_display_a
D:3:      kennysheep_the_goblin_king, nemelex_spade_bored_becter, uniq_iyjb
D:4:      kennysheep_kobold_camp, serial_shops, shop, uniq_natasha,
          uniq_grinder, uniq_edmund, uniq_robin
D:5:      lemuel_insect_pit, minitemple, serial_shops, shop, first_bread
Temple:   minmay_crystal_spiral_temple

Skill      XL: |  1  2  3  4  5  6  7  8 |
---------------+-------------------------+-----
Shields        | 4 5 6 |  6.3
Long Blades    | 3 4 6 7 |  7.6
Fighting       | 4 5 |  5.4
Dodging        | 1 |  1.0
Stealth        | 1 |  1.1
Armour         | |  3.2

Action                   |  1- 3 |  4- 6 |  7- 9 || total
-------------------------+-------+-------+-------++-------
Melee: Long sword        |    96 |   189 |   180 ||   465
 Abil: Dig               |     2 |     3 |     6 ||    11
  Use: Potion            |       |     8 |     4 ||    12
       Scroll            |       |       |     6 ||     6
 Stab: Invisible         |       |     1 |       ||     1
  Eat: Chunk             |     1 |     6 |     6 ||    13
       Fruit             |       |       |     1 ||     1
Armor: Scale mail        |    49 |    29 |       ||    78
       Ring mail         |       |    22 |    42 ||    64
       Skin              |       |     7 |       ||     7
Dodge: Dodged            |    39 |    49 |    45 ||   133
Block: Shield            |    51 |    98 |    79 ||   228
       Rpst.: Long sword |    11 |    18 |     5 ||    34
